 Dungeon Crawl Stone Soup version 0.31-a0-1036-g31867e143a (webtiles) character file.

Game seed: 5769951949791765495

8 Azuregosa the Sneak (level 2, -1/21 HPs)
             Began as an Octopode Delver on Nov 19, 2023.
             Slain by an orc
             ... wielding a +0 morningstar
              (8 damage)
             ... on level 5 of the Dungeon.
             The game lasted 00:02:41 (140 turns).

Azuregosa the Sneak (Octopode Delver)                Turns: 140, Time: 00:02:42

Health: -1/21      AC:  1    Str: 11    XL:     2   Next: 8%
Magic:  2/2        EV: 13    Int: 12    God:
Gold:   9          SH:  0    Dex: 13    Spells: 1/1 levels left

rFire   . . .        a - +0 spear
rCold   . . .        (no shield)
rNeg    . . .        (helmet restricted)
rPois   .            (no amulet)
rElec   .            (no ring)
rCorr   .            (no ring)
SInv    .            (no ring)
Will    .....        (no ring)
Stlth   ++++         (no ring)
HPRegen 0.23/turn    (no ring)
MPRegen 0.08/turn    (no ring)
                     (no ring)

%: no passive effects
@: no status effects
A: almost no armour, amphibious, 8 rings, camouflage 1, gelatinous body 1,
(nimble swimmer 1), tentacles
a: no special abilities


You were on level 5 of the Dungeon.
You visited 1 branch of the dungeon, and saw 2 of its levels.

You collected 9 gold pieces.

Inventory:

Hand Weapons
 a - a +0 spear (weapon)
Wands
 f - a wand of digging (3)
Scrolls
 d - a scroll of fear


   Skills:
 - Level 3.0 Fighting
 - Level 2.0 Polearms
 - Level 2.0 Dodging
 + Level 7.2 Stealth


You had one spell level left.
You didn't know any spells.
Your spell library was empty.

Dungeon Overview and Level Annotations

Branches:
Dungeon (5/15)
 Temple: D:4-7

Altars:


Innate Abilities, Weirdness & Mutations

You cannot wear most types of armour.
You are amphibious.
You can wear up to eight rings at the same time.
Your skin changes colour to match your surroundings (Stealth+).
Your rubbery body absorbs attacks. (AC +1, EV +1)
((You are camouflaged when in or above water. (Stealth+)))
You have tentacles for arms and can constrict up to eight enemies at once.


Message History

You hit the orc.
You kill the orc!
Your Stealth skill increases to level 7!
A phantom breaks down the door.
It's broken and can't be closed.
It's broken and can't be closed.
It's broken and can't be closed.
As you read the scroll of fog, it dissolves into smoke.
The orc shouts!
The orc wizard shouts!
You open the door.
Found a stone staircase leading down.
There is an open door here.
You close the door.
A kobold comes into view. It is wielding a +0 dagger.
Found a lumpy amethyst potion.
An orc breaks down the door.
There is a stone staircase leading down here.
You climb downwards.
The orc shouts! x3; The orc priest shouts!
The iguana hisses angrily.
There is a stone staircase leading up here.
Your extra speed is starting to run out.
The orc hits you with a +0 dagger.
An orc comes into view. It is wielding a +0 hand axe.
The orc attacks as it pursues you! The orc hits you with a +0 dagger.
The orc closely misses you. The orc attacks as it pursues you!
The orc completely misses you. The orc attacks as it pursues you!
The orc hits you with a +0 club.
* * * LOW HITPOINT WARNING * * *
The orc shouts!
You barely miss the orc. Your grab misses the orc.
You feel yourself slow down.
You hit the orc. You grab the orc.
The orc is severely wounded.
You constrict the orc. The orc misses you.
You hit the orc.
You kill the orc!
You have reached level 2!
You hit the orc. You grab the orc.
The orc is moderately wounded.
You constrict the orc. The orc hits you with a +0 morningstar!
You die...

*,,* #..........*,* **>,*
#..........*,, *,,**
##..........**, **,,*
#...........**, ***,,,****
##...<.......,*, **,,,,,,,.##**
#............,**
,,,*****,....###*#....#.......,**
**** ***#.....##o...###.....**~ *
****#.@oo..## *##..#*~~ ####o..#*
**##~~* ###..#* *~,, ##..#** *~,*
**#...*****~~* **,,....*,,**~~
**,,,....,,****~ *,,,,,,..,** **
*,,,,,,,,**


You could see 4 orcs.

Vanquished Creatures
  4 orcs
4 creatures vanquished.

Notes
Turn   | Place    | Note
-------+----------+-------------------------------------------
     0 | D:5      | Azuregosa the Octopode Delver began the quest for the Orb.
     0 | D:5      | Reached XP level 1. HP: 16/16 MP: 1/1
     4 | D:5      | Noticed an orc priest
    24 | D:5      | Noticed a phantom
    47 | D:5      | Noticed a centaur
    69 | D:5      | Noticed an ogre
    73 | D:4      | Noticed an ogre
   108 | D:4      | Noticed an orc wizard
   113 | D:4      | Reached skill level 7 in Stealth
   129 | D:5      | Noticed an iguana
   140 | D:5      | Reached XP level 2. HP: 7/21 MP: 2/2
   140 | D:5      | Slain by an orc

Illustrated notes

Levels and vault maps discovered:
D:4:      layout_loops_corners
D:5:      layout_cave_pods, serial_shops, nicolae_shop_trees, kennysheep_nub,
          minmay_misc_feat_encased, kennysheep_generic_room_3

Skill      XL: |  1 |
---------------+----+-----
Stealth        | 7 |  7.2
Fighting       | |  3.0
Polearms       | |  2.0
Dodging        | |  2.0

Action                     || total
---------------------------++-------
  Melee: Spear             ||    13
         Constrict         ||     4
         Tentacles         ||     2
    Use: Scroll            ||     2
         Potion            ||     1
 Armour: Skin              ||     6
  Dodge: Dodged            ||     8

Table legend: (Time is in decaauts)
 A = Elapsed time spent in this place.
 B = Non-inter-level travel time spent in this place.
 C = Inter-level travel time spent in this place.
 D = Time resting spent in this place.
 E = Time spent auto-exploring this place.
 F = Levels seen in this place.
 G = Mean time per level.
                   A        B        C        D        E       F      G
               +--------+--------+--------+--------+--------+-----+--------+
         Total |    121 |    121 |      0 |      0 |      0 |   2 |   60.5 |
       Dungeon |    121 |    121 |      0 |      0 |      0 |   2 |   60.5 |
               +--------+--------+--------+--------+--------+-----+--------+

Top non-repeatable levels by time:
     D:5: 81 daAuts
     D:4: 40 daAuts
